 Dungeon Crawl Stone Soup version 0.30-a0-996-ga6910c8ee8 (webtiles) character file.

Game seed: 5256312682832378973

14 ThatPearl the Ruffian (level 2, -1/23 HPs)
             Began as a Draconian Transmuter on Apr 4, 2023.
             Slain by Sigmund
             ... wielding a +0 scythe
              (3 damage)
             ... on level 2 of the Dungeon.
             The game lasted 00:02:01 (606 turns).

ThatPearl the Ruffian (Draconian Transmuter)         Turns: 606, Time: 00:02:02

Health: -1/23      AC:  5    Str: 12    XL:     2   Next: 27%
Magic:  0/5        EV: 12    Int: 13    God:
Gold:   92         SH:  0    Dex: 11    Spells: 2/5 levels left

rFire   . . .      SeeInvis .      - Unarmed
rCold   . . .      Faith    .    (no shield)
rNeg    . . .      Spirit   +    (body armour unavailable)
rPois   .          Reflect  .    (helmet restricted)
rElec   .          Rampage  .    (no cloak)
rCorr   .                        (no gloves)
Will    .....                    i - +0 pair of boots
Stlth   +                        e - amulet of guardian spirit
HPRegen 0.23/turn                (no ring)
MPRegen 0.09/turn                (no ring)

@: confused
A: AC +4, unfitting armour, cold-blooded
a: no special abilities


You were on level 2 of the Dungeon.
You visited 1 branch of the dungeon, and saw 2 of its levels.

You collected 92 gold pieces.

Inventory:

Hand Weapons
 h - a +0 sling
Missiles
 c - 11 stones
 d - 5 silver javelins
Armour
 i - a +0 pair of boots (worn)
Jewellery
 e - an amulet of guardian spirit (around neck)
Scrolls
 b - 3 scrolls of teleportation {unknown}
 g - a scroll of identify {unknown}
Potions
 a - 3 potions of lignification
 f - 2 potions of resistance {unknown}


   Skills:
 - Level 1.1 Fighting
 - Level 1.7 Dodging
 * Level 3.5 Unarmed Combat
 - Level 2.0 Spellcasting
 + Level 2.3 Transmutations


You had 2 spell levels left.
You knew the following spells:

 Your Spells              Type           Power      Damage    Failure   Level
a - Beastly Appendage     Tmut           14%        N/A       10%         1
w - Wereblood             Tmut           7%         N/A       14%         2

Your spell library contained the following spells:

 Spells                   Type           Power      Damage    Failure   Level
 Spider Form              Tmut/Pois      4%         N/A       43%         3
 Ice Form                 Ice/Tmut       4%         N/A       83%         4


Dungeon Overview and Level Annotations

Branches:
Dungeon (2/15)

Altars:

Annotations:
D:2 Sigmund


Innate Abilities, Weirdness & Mutations

Your plain brown scales are hard. (AC +4)
You cannot fit into any form of body armour.
You are cold-blooded and may be slowed by cold attacks.


Message History

Your +0 pair of boots unmelds from your body.
Sigmund points at you and mumbles some strange words.
The puff of flame misses you.
You bump into the rock wall.
Sigmund casts a spell at you.
You are more confused.
You closely miss Sigmund.
Sigmund is almost dead.
Sigmund closely misses you.
You bump into the rock wall.
Sigmund attacks as you move away! Sigmund misses you. x2
You're too confused to move!
Sigmund screams, "Don't try to resist!"
Sigmund hits you with a +0 scythe!
You bump into the rock wall.
Sigmund completely misses you.
You bump into the rock wall.
Sigmund gestures at you while chanting.
You are more confused.
You bump into the rock wall.
Sigmund casts a spell at you.
You are more confused.
You bump into the rock wall.
Sigmund casts a spell.
Sigmund flickers and vanishes!
Deactivating autopickup; reactivate with Ctrl-A.
Something hits you.
You barely miss something.
You bump into the rock wall.
Something hits you!
* * * LOW HITPOINT WARNING * * *
You bump into the rock wall.
Something barely misses you.
You miss something. You closely miss something.
You hear some strange, mumbled words.
You are more confused.
You're too confused to move!
You hear some strange, mumbled words.
You are more confused.
You barely miss something. Something hits you but does no damage.
You hit something but do no damage. Something hits you.
You die...

### #.. #.#
##.# #..#
#..########.#
#.<..@{......
#.#########..
#. #. #. ..
#. ..


There were no monsters in sight!

Vanquished Creatures
  A giant cockroach (D:1)
  A goblin (D:1)
  A hobgoblin (D:1)
  A kobold (D:1)
  2 ball pythons (D:1)
  5 bats (D:1)
  2 frilled lizards (D:1)
  2 rats (D:1)
15 creatures vanquished.

Notes
Turn   | Place    | Note
-------+----------+-------------------------------------------
     0 | D:1      | ThatPearl the Draconian Transmuter began the quest for the
                  | Orb.
     0 | D:1      | Reached XP level 1. HP: 16/16 MP: 3/3
   279 | D:1      | Reached XP level 2. HP: 23/23 MP: 1/5
   375 | D:1      | Learned a level 2 spell: Wereblood
   415 | D:1      | Found a faded altar of an unknown god.
   569 | D:2      | Noticed Sigmund
   600 | D:2      | HP: 1/23 [something (6)]
   606 | D:2      | Slain by Sigmund

Illustrated notes

Levels and vault maps discovered:
D:1:      psy_arrival_dodecagon, layout_rooms,
          ebering_ecumenical_altar_abandoned, minivault_25,
          dreamdust_mushroom_princess, minmay_tiny_reverse_x
D:2:      layout_basic, roderic_st_hans_cross, uniq_sigmund

Action                     || total
---------------------------++-------
  Melee: Unarmed           ||    57
         Kick              ||     4
         Tailslap          ||     3
         Headbutt          ||     3
         Punch             ||     1
   Cast: Beastly Appendage ||     8
 Armour: Skin              ||    10
  Dodge: Dodged            ||    47

Table legend: (Time is in decaauts)
 A = Elapsed time spent in this place.
 B = Non-inter-level travel time spent in this place.
 C = Inter-level travel time spent in this place.
 D = Time resting spent in this place.
 E = Time spent auto-exploring this place.
 F = Levels seen in this place.
 G = Mean time per level.
                   A        B        C        D        E       F      G
               +--------+--------+--------+--------+--------+-----+--------+
         Total |    601 |    567 |     34 |      0 |    342 |   2 |  300.5 |
       Dungeon |    601 |    567 |     34 |      0 |    342 |   2 |  300.5 |
               +--------+--------+--------+--------+--------+-----+--------+

Top non-repeatable levels by time:
     D:1: 566 daAuts
     D:2: 35 daAuts
